 Dungeon Crawl Stone Soup version 0.21-a0-396-ga924934 (webtiles) character file.

6167 Mitsuki the Geomancer (level 10, -3/59 HPs)
             Began as a Gargoyle Earth Elementalist on Oct 19, 2017.
             Was a Follower of Vehumet.
             Slain by a polar bear (6 damage)
             ... on level 1 of the Lair of Beasts.
             The game lasted 00:42:26 (12885 turns).

Mitsuki the Geomancer (GrEE)                       Turns: 12885, Time: 00:42:27

Health: -3/59      AC: 17    Str: 11    XL:     10   Next: 90%
Magic:  12/19      EV: 13    Int: 20    God:    Vehumet [*.....]
Gold:   462        SH:  0    Dex: 10    Spells: 12/21 levels left

rFire    + . .     SeeInvis .   L - staff of earth
rCold    . . .     Gourm    .   (no shield)
rNeg     + . .     Faith    .   o - +2 robe {rF+}
rPois    ∞         Spirit   .   q - +0 helmet
rElec    +         Reflect  .   a - +0 cloak
rCorr    .         Harm     .   K - +0 pair of gloves
MR       .....                  t - +1 pair of boots
Stlth    ++........             (no amulet)
HPRegen  0.19/turn              (no ring)
MPRegen  0.16/turn              (no ring)

@: no status effects
A: negative energy resistance 1, electricity resistance, unbreathing,
petrification resistance, rot immunity, AC +7
a: Renounce Religion


You were on level 1 of the Lair of Beasts.
You worshipped Vehumet.
Vehumet was aware of your devotion.
You were not hungry.

You visited 3 branches of the dungeon, and saw 11 of its levels.

You collected 462 gold pieces.

Inventory:

Hand Weapons
 u - the +6 dagger "Plog" {vamp, rElec rPois MR+, unknown}
   (You found it on level 6 of the Dungeon)

   It inflicts no extra harm, but heals its wielder when it wounds a living foe.
   It insulates you from electricity.
   It protects you from poison.
   It affects your resistance to hostile enchantments.
Missiles
 b - 139 stones (quivered)
Armour
 a - a +0 cloak (worn)
 o - a +2 robe of fire resistance (worn)
 q - a +0 helmet (worn)
 t - a +1 pair of boots (worn)
 K - a +0 pair of gloves (worn)
 T - a +2 shield
Magical Staves
 L - an uncursed staff of earth (weapon)
Jewellery
 k - an uncursed ring of fire
 p - an uncursed ring of fire
 E - an uncursed amulet of harm {unknown}
 I - an uncursed ring of fire
Wands
 v - a wand of polymorph (10/24)
 C - a wand of iceblast (2/15)
 G - a wand of random effects (24/48)
Scrolls
 c - a scroll of brand weapon {unknown}
 f - 3 scrolls of blinking {unknown}
 g - 5 scrolls of remove curse {unknown}
 l - 9 scrolls of identify {unknown}
 m - a scroll of magic mapping {unknown}
 r - 4 scrolls of immolation {unknown}
 x - 6 scrolls of teleportation {unknown}
 y - 2 scrolls of random uselessness {unknown}
 z - a scroll of amnesia {unknown}
 A - 3 scrolls of noise {unknown}
 J - 2 scrolls of fog {unknown}
Potions
 i - 3 potions of flight {unknown}
 n - a potion of invisibility {unknown}
 s - a potion of might {unknown}
 w - 2 potions of magic {unknown}
 D - 2 potions of agility {unknown}
 F - 2 potions of heal wounds {unknown}
 H - 3 potions of curing {unknown}
 N - a potion of lignification {unknown}
 O - a potion of degeneration {unknown}
Books
 e - a book of Geomancy

   Spells                             Type                      Level
   a - Sandblast                      Earth                        1
   b - Passwall                       Transmutation/Earth          2
   c - Stone Arrow                    Conjuration/Earth            3
   d - Petrify                        Transmutation/Earth          4
   e - Lee's Rapid Deconstruction     Earth                        5
 M - a book of Cantrips

   Spells                             Type                      Level
   a - Confusing Touch                Hexes                        1
   b - Animate Skeleton               Necromancy                   1
   c - Summon Small Mammal            Summoning                    1
   d - Apportation                    Translocation                1
 P - a book of Battle

   Spells                             Type                      Level
   a - Infusion                       Charms                       1
   b - Shroud of Golubria             Charms/Translocation         2
   c - Song of Slaying                Charms                       2
   d - Spectral Weapon                Hexes/Charms                 3
   e - Regeneration                   Charms/Necromancy            3
 R - a book of Conjurations

   Spells                             Type                      Level
   a - Magic Dart                     Conjuration                  1
   b - Searing Ray                    Conjuration                  2
   c - Dazzling Spray                 Conjuration/Hexes            3
   d - Fulminant Prism                Conjuration/Hexes            4
   e - Force Lance                    Conjuration/Translocation    4
   f - Iskenderun's Mystic Blast      Conjuration                  4
 S - a book of Misfortune

   Spells                             Type                      Level
   a - Confusing Touch                Hexes                        1
   b - Confuse                        Hexes                        3
   c - Gell's Gravitas                Translocation                3
   d - Petrify                        Transmutation/Earth          4
   e - Metabolic Englaciation         Hexes/Ice                    5
   f - Yara's Violent Unravelling     Hexes/Transmutation          5
Comestibles
 d - 4 bread rations
 h - 10 fruits
 j - 10 royal jellies
 B - a meat ration


   Skills:
 + Level 5.5 Fighting
 + Level 5.0 Staves
 - Level 5.0 Armour
 + Level 4.6 Dodging
 - Level 2.1 Stealth
 - Level 6.2 Spellcasting
 - Level 6.6 Conjurations
   Level 0.7 Transmutations
 + Level 9.0 Earth Magic
 + Level 4.5 Evocations


You had 12 spell levels left.
You knew the following spells:

 Your Spells              Type           Power        Failure   Level  Hunger
b - Sandblast             Erth           ######       1%          1    None
c - Stone Arrow           Conj/Erth      ######       1%          3    ##.....
d - Lee's Rapid Deconstr  Erth           ######....   7%          5    #####..


Dungeon Overview and Level Annotations

Branches:
Dungeon (9/15)             Temple (1/1) D:7            Lair (1/6) D:8
    Orc: D:9-12

Altars:
Ashenzari
Cheibriados
Dithmenos
Elyvilon
Fedhas
Hepliaklqana
Makhleb
Nemelex Xobeh
Okawaru
Qazlal
Ru
Sif Muna
Vehumet
Zin
The Shining One


Innate Abilities, Weirdness & Mutations

You are resistant to torment.
Your stone body is resilient. (AC +7)
You are immune to poison.
You resist negative energy. (rN+)
You are resistant to electric shocks. (rElec)
You can survive without breathing.
You are immune to petrification.
You are immune to rotting.


Message History

You feel a surge of power!
The blast of sand hits the polar bear.
The polar bear is almost dead.
b - 140 stones The polar bear bites you!!
The polar bear barely misses you. The polar bear claws you.
The polar bear bites you!
* * * LOW HITPOINT WARNING * * *
The polar bear claws you.
* * * LOW HITPOINT WARNING * * *
The polar bear claws you but does no damage.
You take 38 damage, and have 3/59 hp.
MASSIVE DAMAGE!!
You now have 13/19 mp.
Casting: Sandblast
Confirm with . or Enter, or press ? or * to list all spells.
Aiming: Sandblast
Press: ? - help, Shift-Dir - straight line, f/p - polar bear
Aim: a polar bear (almost dead, berserk, fast, unusually strong)
You feel a surge of power!
The blast of sand hits the polar bear.
The polar bear is almost dead.
b - 139 stones The polar bear bites you.
You die...

............... .............P.#
#............... #...............
#.. #............... ...
#.......h........ ###..
###...h...........% .#...
#.#....@............
.....#####...................
.................................
..............#...........# .....
.......####.###..........# ....
......## #####..........# #..
..##..## #...........## #.. P
#P...## ###..........### #.
##....###P...........#.########


You could see a polar bear (berserk) and a black bear.

Vanquished Creatures
  A manticore (D:8)
  3 spiny frogs
  Grinder (D:3)
  The ghost of Banto the Cutter, an amateur DsSk of Kikubaaqudgha (D:5)
  A hippogriff (D:6)
  Sigmund (D:3)
  7 yaks
  A porcupine (D:8)
  A sky beast (D:5)
  An ice beast (D:5)
  2 orc warriors
  2 ogres
  A centaur (D:5)
  A crocodile (D:8)
  A big kobold (D:6)
  9 bullfrogs
  2 water moccasin zombies
  4 killer bees (D:8)
  5 howler monkeys
  3 crimson imps
  3 bullfrog zombies
  A hound (D:3)
  A jelly (D:7)
  3 centaur skeletons
  3 orc priests
  2 bullfrog skeletons
  7 orc wizards
  5 iguanas
  4 worker ants
  A killer bee zombie (D:8)
  A worker ant zombie (D:6)
  12 gnolls
  9 adders
  A shadow imp (D:8)
  4 oozes
  4 adder skeletons
  5 worms
  2 dart slugs
  5 leopard geckos
  23 orcs
  5 ball pythons
  4 bats
  8 giant cockroaches
  8 goblins
  11 hobgoblins
  4 jackals
  3 quokkas
  5 frilled lizards
  18 kobolds
  A leopard gecko skeleton (D:4)
  9 rats
220 creatures vanquished.

Vanquished Creatures (others)
  A fungus (D:8)
1 creature vanquished.

Grand Total: 221 creatures vanquished

Notes
Turn   | Place    | Note
-------+----------+-------------------------------------------
     0 | D:1      | Mitsuki the Gargoyle Earth Elementalist began the quest for the Orb.
     0 | D:1      | Reached XP level 1. HP: 10/10 MP: 3/3
   344 | D:1      | Reached skill level 4 in Earth Magic
   344 | D:1      | Reached XP level 2. HP: 8/15 MP: 1/5
   802 | D:1      | Reached XP level 3. HP: 18/19 MP: 6/6
   807 | D:1      | Learned a level 3 spell: Stone Arrow
  1137 | D:2      | Reached skill level 1 in Conjurations
  1137 | D:2      | Reached XP level 4. HP: 14/24 MP: 8/8
  2918 | D:3      | Reached skill level 5 in Earth Magic
  2918 | D:3      | Reached XP level 5. HP: 16/28 MP: 8/10
  3051 | D:3      | Noticed Sigmund
  3056 | D:3      | Noticed Grinder
  3606 | D:3      | Killed Sigmund
  3606 | D:3      | Reached XP level 6. HP: 32/32 MP: 4/12
  3748 | D:3      | Killed Grinder
  3748 | D:3      | Reached skill level 6 in Earth Magic
  3748 | D:3      | Reached XP level 7. HP: 24/36 MP: 0/13
  3882 | D:3      | Found a shadowy altar of Dithmenos.
  5213 | D:4      | Reached skill level 1 in Armour
  5441 | D:4      | Reached skill level 1 in Fighting
  5746 | D:4      | Found a deep blue altar of Sif Muna.
  5796 | D:4      | Reached skill level 1 in Evocations
  6300 | D:3      | Found a sacrificial altar of Ru.
  6300 | D:3      | Found a hazy altar of Hepliaklqana.
  6335 | D:5      | Entered Level 5 of the Dungeon
  6335 | D:5      | Found a hazy altar of Hepliaklqana.
  6395 | D:5      | Reached skill level 1 in Staves
  6395 | D:5      | Reached XP level 8. HP: 43/43 MP: 15/15
  6862 | D:5      | Reached skill level 7 in Earth Magic
  7093 | D:5      | Reached skill level 5 in Spellcasting
  7116 | D:5      | Found a white marble altar of Elyvilon.
  7146 | D:5      | Found a sparkling altar of Nemelex Xobeh.
  7176 | D:5      | Learned a level 5 spell: Lee's Rapid Deconstruction
  7350 | D:5      | Noticed Banto's ghost (amateur DsSk)
  7406 | D:5      | Killed Banto's ghost
  7406 | D:5      | Reached skill level 5 in Conjurations
  7483 | D:5      | Reached XP level 9. HP: 49/49 MP: 10/16
  8263 | D:6      | Found an iron altar of Okawaru.
  8754 | D:6      | Got a scorched dagger
  9919 | D:7      | Found a staircase to the Ecumenical Temple.
  9925 | Temple   | Entered the Ecumenical Temple
  9942 | Temple   | Became a worshipper of Vehumet
 10086 | D:7      | You fall through a shaft for 2 floors!
 10302 | D:8      | Reached skill level 8 in Earth Magic
 10771 | D:8      | Reached XP level 10. HP: 57/57 MP: 10/18
 11618 | D:8      | Noticed a manticore
 11623 | D:8      | Killed a manticore
 11623 | D:8      | Reached * piety under Vehumet
 11623 | D:8      | Offered knowledge of Freeze by Vehumet.
 11918 | D:7      | Reached skill level 5 in Armour
 12141 | D:8      | Found a stormy altar of Qazlal.
 12195 | D:8      | Found a staircase to the Lair.
 12296 | D:8      | Found a white marble altar of Elyvilon.
 12392 | Lair:1   | Entered Level 1 of the Lair of Beasts
 12421 | D:8      | Reached skill level 5 in Fighting
 12686 | Lair:1   | Noticed a spiny frog
 12691 | Lair:1   | Killed a spiny frog
 12692 | Lair:1   | Noticed a spiny frog
 12733 | D:8      | Killed a spiny frog
 12841 | Lair:1   | Noticed a spiny frog
 12849 | Lair:1   | Killed a spiny frog
 12849 | Lair:1   | Reached skill level 5 in Staves
 12849 | Lair:1   | Reached skill level 9 in Earth Magic
 12885 | Lair:1   | Slain by a polar bear

Vault maps used:
D:1:      giann_wishing_wells
D:2:      first_bread, lemuel_flame_loot_1
D:3:      nicolae_dithmenos_shadow_blocks, nicolae_overflow_hidden_temple,
          uniq_sigmund, uniq_grinder
D:4:      minmay_hedge_maze, kennysheep_nondescript, led_sif_pool
D:5:      nicolae_overflow_crystal_walls, basic_altar, elyvilon_altar_5
D:6:      okawaru_altar_gauntlet_db
D:7:      minmay_temple_entry_overgrown, minmay_crystal_room
D:8:      kennysheep_big_flooded_room, lemuel_coloured_pillars_altar,
          grunt_lair_entry_orc_guard_hut, grunt_qazlal_clouds
D:9:      minmay_the_grid_net, serial_shops, shop
Temple:   eino_temple_scatter_basement
Lair:1:   beast_lair_carwin_large_4, st_stairs_9

Skill      XL: |  1  2  3  4  5  6  7  8  9 10 |
---------------+-------------------------------+-----
Earth Magic    | 4 5 6 7 8 9 |  9.0
Spellcasting   | 3 4 5 6 |  6.2
Conjurations   | 1 2 3 4 5 6 |  6.6
Armour         | 1 3 4 5 |  5.0
Fighting       | 1 2 4 5 |  5.5
Evocations     | 1 2 3 4 |  4.5
Dodging        | 2 3 4 |  4.6
Staves         | 1 2 3 5 |  5.0
Stealth        | |  2.1
Transmutations | |  0.7

Action                   |  1- 3 |  4- 6 |  7- 9 | 10-12 || total
-------------------------+-------+-------+-------+-------++-------
Melee: Unarmed           |    26 |       |       |       ||    26
       Club              |    12 |       |       |       ||    12
       Mace              |    59 |   129 |       |       ||   188
       Flail             |       |    16 |   134 |       ||   150
       Quarterstaff      |       |       |   535 |    41 ||   576
       Staff             |       |       |       |    51 ||    51
 Cast: Sandblast         |     8 |       |    32 |    30 ||    70
       Stone Arrow       |     1 |    13 |     9 |    18 ||    41
       Lee's Rapid Decon |       |       |     7 |     8 ||    15
 Stab: Sleeping          |     1 |     1 |     5 |       ||     7
  Eat: Chunk             |     1 |     9 |    25 |     7 ||    42
       Royal jelly       |       |       |     1 |       ||     1
       Meat ration       |       |       |       |     1 ||     1
Armor: Robe              |    36 |    71 |   356 |    38 ||   501
Dodge: Dodged            |    77 |   113 |   526 |    83 ||   799

Table legend:
 A = Spawn XP
 B = Non-spawn XP
 C = Spawn XP percentage of total XP
 D = Spawn monster count
 E = Non-spawn monster count
 F = Spawn count percentage of total count
 G = Total turns spent on level
                    A         B        C        D         E        F      G
               +---------+---------+-------+---------+---------+-------+---------
         Total |       0 |    8810 |   0.0 |       0 |     220 |   0.0 | 12885
               +---------+---------+-------+---------+---------+-------+---------
           D:1 |       0 |      61 |   0.0 |       0 |      28 |   0.0 |  1370
           D:2 |       0 |     121 |   0.0 |       0 |      20 |   0.0 |  1954
           D:3 |       0 |     615 |   0.0 |       0 |      27 |   0.0 |  1072
           D:4 |       0 |     352 |   0.0 |       0 |      27 |   0.0 |  1939
           D:5 |       0 |    1278 |   0.0 |       0 |      29 |   0.0 |  1499
           D:6 |       0 |     849 |   0.0 |       0 |      27 |   0.0 |  1387
           D:7 |       0 |    1207 |   0.0 |       0 |      24 |   0.0 |  1794
           D:8 |       0 |    3116 |   0.0 |       0 |      33 |   0.0 |  1616
        Lair:1 |       0 |    1211 |   0.0 |       0 |       5 |   0.0 |   206
               +---------+---------+-------+---------+---------+-------+---------
